 Dungeon Sprint DCSS version 0.18.1-8-gdd0e5ea (webtiles) character file.

3686 Hipnos the Earth Mage (level 9, -8/50 HPs)
             Began as a Spriggan Earth Elementalist on May 21, 2016.
             Was the Champion of Sif Muna.
             Splashed by an oklob plant's acid (16 damage)
             ... in the Dungeon (Sprint I: "Red Sonja").
             The game lasted 00:07:49 (1111 turns).

Hipnos the Earth Mage (Spriggan Earth Elementalist) Turns: 1111, Time: 00:07:51

Health: -8/50      AC:  4    Str:  4    XL:     9   Next: 90%
Magic:  18/28      EV: 11    Int: 20    God:    Sif Muna [******]
Gold:   788        SH:  0    Dex: 16    Spells: 7 memorised, 8 levels left

rFire  . . .     SeeInvis +     (weapon currently unavailable)
rCold  . . .     Gourm    .     (armour currently unavailable)
rNeg   . . .     Faith    .     (shield currently unavailable)
rPois  +         Spirit   .     (helmet currently unavailable)
rElec  .         Dismiss  .     (cloak currently unavailable)
rCorr  .         Reflect  .     (gloves unavailable)
SustAt .         Harm     .     (boots unavailable)
MR     +....     NoTele   +     (no amulet)
Stlth  ++........               (no ring)
                                (no ring)

@: hydra-form, corroded, somewhat resistant to hostile enchantments, unstealthy
A: unfitting armour, see invisible, herbivore 3, (speed 0), slow metabolism 2
a: End Transformation, Channel Energy, Forget Spell, Renounce Religion


You were in the Dungeon.
You worshipped Sif Muna.
Sif Muna was exalted by your worship.
You were hungry.
You were a four-headed hydra.
You visited 1 branch You collected 788 gold pieces.

Inventory:

Armour
 a - a +0 robe (melded)
Scrolls
 j - a scroll of blinking
 m - a scroll of amnesia {unknown}
Potions
 g - a potion of haste
 h - 2 potions of magic
 i - a potion of berserk rage
Books
 b - Sif Muna's Grimoire of Assistive Beguiling
   (Sif Muna gifted it to you in the Dungeon)

   Spells                             Type                      Level
   a - Swiftness                      Charms/Air                   2
   b - Confusing Touch                Hexes                        2
   c - Regeneration                   Charms/Necromancy            3
   d - Gell's Gravitas                Hexes/Translocation          3
   e - Summon Guardian Golem          Hexes/Summoning              3
   f - Leda's Liquefaction            Hexes/Earth                  4
 c - a book of Geomancy

   Spells                             Type                      Level
   a - Sandblast                      Earth                        1
   b - Passwall                       Transmutation/Earth          2
   c - Stone Arrow                    Conjuration/Earth            3
   d - Petrify                        Transmutation/Earth          4
   e - Lee's Rapid Deconstruction     Earth                        5
 k - a Fen Folio

   Spells                             Type                      Level
   a - Corpse Rot                     Necromancy                   2
   b - Stone Arrow                    Conjuration/Earth            3
   c - Leda's Liquefaction            Hexes/Earth                  4
   d - Summon Forest                  Summoning/Translocation      5
   e - Hydra Form                     Transmutation                6
   f - Summon Hydra                   Summoning                    7
 l - an Akashic Record

   Spells                             Type                      Level
   a - Dispersal                      Translocation                6
   b - Malign Gateway                 Summoning/Translocation      7
   c - Disjunction                    Translocation                8
   d - Controlled Blink               Translocation                8
 n - Soejamm's Handbook of Hurtful Evil
   (Sif Muna gifted it to you in the Dungeon)

   Spells                             Type                      Level
   a - Throw Icicle                   Conjuration/Ice              4
   b - Lightning Bolt                 Conjuration/Air              5
   c - Agony                          Necromancy                   5
   d - Poison Arrow                   Conjuration/Poison           6
   e - Conjure Ball Lightning         Conjuration/Air              6
   f - Spellforged Servitor           Conjuration/Summoning        7
Comestibles
 d - a bread ration
 f - a fruit


   Skills:
 + Level 6.8 Dodging
 - Level 3.0 Stealth
 + Level 14.9 Spellcasting
 * Level 8.0 Transmutations
 + Level 15.6 Earth Magic


You had 8 spell levels left.
You knew the following spells:

 Your Spells              Type           Power        Failure   Level  Hunger
a - Sandblast             Erth           ######       0%          1    None
b - Passwall              Trmt/Erth      ######....   1%          2    None
c - Stone Arrow           Conj/Erth      #####.       1%          3    None
d - Petrify               Trmt/Erth      ######..     1%          4    None
e - Lee's Rapid Deconstr  Erth           ######....   1%          5    ###....
f - Hydra Form            Trmt           #####.....   28%         6    #####..
g - Controlled Blink      Tloc           N/A          100%        8    #######


Dungeon Overview and Level Annotations

Branches:
Dungeon (1/1)

Altars:
Cheibriados
Dithmenos
Elyvilon
Fedhas
Gozag
Kikubaaqudgha
Makhleb
Nemelex Xobeh
Okawaru
Pakellas
Qazlal
Ru
Sif Muna
Trog
Vehumet
Xom
Yredelemnul
Zin
The Shining One
Jiyva

Shops:
D }[[

Annotations:
D exclusion: oklob plant


Innate Abilities, Weirdness & Mutations

You are tiny and cannot use many weapons and most armour.
You have supernaturally acute eyesight.
You are a herbivore.
((You cover ground extremely quickly.))
You need consume almost no food.


Message History

The oklob plant is lightly damaged.
You bite the oklob plant!
The oklob plant is moderately damaged.
You nip at the oklob plant but do no damage.
The oklob plant is moderately damaged.
The oklob plant spits acid at you. The splash of acid hits you!
The acid burns!
* * * LOW HITPOINT WARNING * * *
Drink which item? (? for menu, Esc to quit)
You feel better. The oklob plant spits acid at you.
The splash of acid misses you.
You are feeling hungry.
You nip at the oklob plant but do no damage.
The oklob plant is moderately damaged.
The oklob plant spits acid at you. The splash of acid hits you!
* * * LOW HITPOINT WARNING * * *
The acid burns!
You die...

###################
..#..'..#__#..'..)#
..').#..'^.'..#...#
#'#####'#__####)..+
..#...#.####§(#####
###..##.#§≈§§§#.§#
__##'#..+§≈§§§§..#
...'..._#≈§≈.§#.§#
._##_.#'##§#####D#
__###)#.#[...###P+
#####.####'###.###
...'...÷.))..'.∩#
####...##########
##.## #+#


You could see an oklob plant.

Vanquished Creatures
  2 centaur warriors (D)
  Sonja (D)
  A deep troll (D)
  2 kobold demonologists (D)
  A slime creature (D)
  Sigmund (D)
  A yak (D)
  A giant eyeball (D)
  A wasp (D)
  An ogre (D)
  A jelly (D)
  Ijyb (D)
14 creatures vanquished.

Notes
Turn   | Place    | Note
--------------------------------------------------------------
     0 | D        | Hipnos the Spriggan Earth Elementalist began the quest for the Orb.
     0 | D        | Reached XP level 1. HP: 9/9 MP: 5/5
     2 | D        | Noticed Ijyb
     7 | D        | Killed Ijyb
     7 | D        | Reached skill level 5 in Earth Magic
     7 | D        | Reached XP level 2. HP: 11/13 MP: 0/7
    11 | D        | Learned a level 2 spell: Passwall
    76 | D        | Noticed an ogre
    86 | D        | Killed an ogre
    86 | D        | Reached skill level 5 in Spellcasting
    86 | D        | Reached skill level 7 in Earth Magic
    86 | D        | Reached XP level 3. HP: 16/16 MP: 3/11
    86 | D        | Reached XP level 4. HP: 21/21 MP: 3/12
   160 | D        | Learned a level 3 spell: Stone Arrow
   169 | D        | Noticed Sigmund
   171 | D        | Killed Sigmund
   171 | D        | Reached skill level 5 in Dodging
   171 | D        | Reached skill level 10 in Earth Magic
   171 | D        | Reached XP level 5. HP: 24/24 MP: 10/15
   171 | D        | Reached XP level 6. HP: 28/28 MP: 11/17
   221 | D        | Found a deep blue altar of Sif Muna.
   223 | D        | Found a radiant altar of Vehumet.
   227 | D        | Became a worshipper of Sif Muna the Loreminder
   250 | D        | Found Puhosuys's Armour Emporium.
   250 | D        | Found a white marble altar of Elyvilon.
   250 | D        | Found a stormy altar of Qazlal.
   250 | D        | Found a burning altar of Makhleb.
   250 | D        | Found a sacrificial altar of Ru.
   250 | D        | Found an oddly glowing altar of Pakellas.
   250 | D        | Found a basalt altar of Yredelemnul.
   250 | D        | Found a glowing golden altar of the Shining One.
   250 | D        | Found a sparkling altar of Nemelex Xobeh.
   250 | D        | Found a shimmering altar of Xom.
   250 | D        | Found an opulent altar of Gozag.
   250 | D        | Found an ancient bone altar of Kikubaaqudgha.
   250 | D        | Found a glowing silver altar of Zin.
   250 | D        | Noticed a yak
   263 | D        | Killed a yak
   263 | D        | Reached * piety under Sif Muna
   263 | D        | Reached ** piety under Sif Muna
   263 | D        | Reached skill level 11 in Earth Magic
   275 | D        | Found an iron altar of Okawaru.
   276 | D        | Found a bloodstained altar of Trog.
   299 | D        | Found a snail-covered altar of Cheibriados.
   299 | D        | Found a viscous altar of Jiyva.
   299 | D        | Found a shadowy altar of Dithmenos.
   299 | D        | Found a blossoming altar of Fedhas.
   299 | D        | Noticed a slime creature
   307 | D        | Killed a slime creature
   307 | D        | Reached *** piety under Sif Muna
   307 | D        | Reached skill level 12 in Earth Magic
   307 | D        | Reached XP level 7. HP: 32/32 MP: 15/20
   323 | D        | Learned a level 4 spell: Petrify
   329 | D        | Learned a level 5 spell: Lee's Rapid Deconstruction
   330 | D        | Noticed Sonja
   338 | D        | Killed Sonja
   338 | D        | Reached **** piety under Sif Muna
   338 | D        | Reached ***** piety under Sif Muna
   338 | D        | Reached skill level 10 in Spellcasting
   338 | D        | Reached skill level 13 in Earth Magic
   338 | D        | Reached XP level 8. HP: 36/36 MP: 1/23
   555 | D        | Noticed a kobold demonologist
   556 | D        | Killed a kobold demonologist
   556 | D        | Reached skill level 14 in Earth Magic
   557 | D        | Noticed a kobold demonologist
   561 | D        | Killed a kobold demonologist
   561 | D        | Reached ****** piety under Sif Muna
   561 | D        | Received a gift from Sif Muna
   675 | D        | Learned a level 6 spell: Hydra Form
   700 | D        | Found Jejodd's Gadget Boutique.
   720 | D        | Noticed a deep troll
   729 | D        | Killed a deep troll
   729 | D        | Received a gift from Sif Muna
   729 | D        | Reached skill level 5 in Transmutations
   729 | D        | Reached skill level 15 in Earth Magic
   729 | D        | Reached XP level 9. HP: 39/39 MP: 2/27
   730 | D        | Identified Sif Muna's Grimoire of Assistive Beguiling (Sif Muna gifted it to you in the Dungeon)
   743 | D        | Found Qeredghor's Armour Emporium.
   760 | D        | Learned a level 8 spell: Controlled Blink
   875 | D        | Noticed a centaur warrior
   881 | D        | Noticed a centaur warrior
   886 | D        | Killed a centaur warrior
   886 | D        | Killed a centaur warrior
   886 | D        | Received a gift from Sif Muna
   887 | D        | Identified Soejamm's Handbook of Hurtful Evil (Sif Muna gifted it to you in the Dungeon)
  1100 | D        | Noticed an oklob plant
  1111 | D        | Splashed by an oklob plant's acid

Skill      XL: |  1  2  3  4  5  6  7  8  9 |
---------------+----------------------------+-----
Dodging        | 4 5 6 |  6.8
Spellcasting   | 3 5 7 9 10 13 14 | 14.9
Earth Magic    | 5 7 10 12 13 15 | 15.6
Transmutations | 2 5 8 |  8.0
Stealth        | |  3.0

Action                   |  1- 3 |  4- 6 |  7- 9 || total
-------------------------+-------+-------+-------++-------
Melee: Unarmed           |       |       |     9 ||     9
 Cast: Sandblast         |     8 |    10 |     5 ||    23
       Lee's Rapid Decon |       |       |    16 ||    16
       Petrify           |       |       |     5 ||     5
       Stone Arrow       |       |       |     3 ||     3
       Hydra Form        |       |       |     1 ||     1
  Use: Potion            |       |     1 |     1 ||     2
 Stab: Sleeping          |       |       |     1 ||     1
  Eat: Fruit             |       |       |     1 ||     1
Armor: Robe              |       |     1 |       ||     1
Dodge: Dodged            |     1 |     2 |     7 ||    10
